IL
COLUMBUS CLIPPERS @ BUFFALO BISONS
08/19/2048
 
TOP OF THE 1ST
Columbus Clippers batting - Pitching for Buffalo Bisons : RHP Timo Lantinga
Pitching: RHP Timo Lantinga
Batting: LHB Jesus Lozano 0-0: Called Strike
0-1: SINGLE (Flyball, 6MD, EV 95.6 MPH)
Batting: SHB Scott Scott 0-0: Called Strike
0-1: Ball
1-1: Ball
2-1: Fly out, F8 (Line Drive, 8LM, EV 98.8 MPH)
Batting: LHB Robert Watson 0-0: Ball
1-0: Grounds into double play, 4-6-3 (Groundball, 4, EV 78.8 MPH)
Top of the 1st over - 0 runs, 1 hit, 0 errors, 0 left on base; Columbus 0 - Buffalo 0
BOTTOM OF THE 1ST
Buffalo Bisons batting - Pitching for Columbus Clippers : RHP Fred Huber
Pitching: RHP Fred Huber
Batting: RHB Michel Martineau 0-0: Ground out 6-3 (Groundball, 6, EV 96.9 MPH)
Batting: RHB Frank Caulfield 0-0: Ball
1-0: Ball
2-0: SINGLE (Groundball, 6MD, EV 97.5 MPH)
Batting: SHB Dominik Hasek II 0-0: Called Strike
0-1: Ball
1-1: Ball
2-1: Ball
3-1: Base on Balls
Frank Caulfield to second
Batting: LHB Gabe Pace 0-0: Called Strike
0-1: Ball
1-1: Foul Ball, location: 2F
1-2: Foul Ball, location: 2F
1-2: Ball
2-2: Strikes out swinging
Batting: RHB Leo Mair 0-0: Ball
1-0: Called Strike
1-1: SINGLE (Groundball, 56D, EV 106.2 MPH)
Frank Caulfield to third
Dominik Hasek II to second
Runner from 3rd tries for Home, SAFE, throw by LF to home
Batting: RHB Väinö Tapaninen 0-0: Called Strike
0-1: Fielders Choice at 2nd, U4 (Groundball, 4M, EV 96.2 MPH)
Bottom of the 1st over - 1 run, 2 hits, 0 errors, 2 left on base; Columbus 0 - Buffalo 1
TOP OF THE 2ND
Columbus Clippers batting - Pitching for Buffalo Bisons : RHP Timo Lantinga
Batting: LHB Justin Barker 0-0: Ball
1-0: Ground out 4-3 (Groundball, 4S, EV 90.6 MPH)
Batting: LHB Jim Keefe 0-0: Called Strike
0-1: Ground out 6-3 (Groundball, 6, EV 86.9 MPH)
Batting: LHB Corey Trevor 0-0: Ball
1-0: Ball
2-0: Foul Ball, location: 2F
2-1: Ground out 4-3 (Groundball, 4M, EV 84.4 MPH)
Top of the 2nd over - 0 runs, 0 hits, 0 errors, 0 left on base; Columbus 0 - Buffalo 1
BOTTOM OF THE 2ND
Buffalo Bisons batting - Pitching for Columbus Clippers : RHP Fred Huber
Batting: RHB Butch Koglin 0-0: Called Strike
0-1: Ball
1-1: Called Strike
1-2: Strikes out swinging
Batting: RHB John Loving 0-0: Ball
1-0: Ground out 6-3 (Groundball, 6, EV 86.9 MPH)
Batting: RHB Bryan Peterson 0-0: Swinging Strike
0-1: Ball
1-1: Ball
2-1: SINGLE (Line Drive, 8LS, EV 87.5 MPH)
Batting: RHB Michel Martineau 0-0: Fly out, F7 (Flyball, 78D, EV 88.8 MPH)
Bottom of the 2nd over - 0 runs, 1 hit, 0 errors, 1 left on base; Columbus 0 - Buffalo 1
TOP OF THE 3RD
Columbus Clippers batting - Pitching for Buffalo Bisons : RHP Timo Lantinga
Batting: RHB Eddie LaRose 0-0: Swinging Strike
0-1: TRIPLE (Groundball, 3L, EV 110.0 MPH)
Batting: RHB Stephen Charbonneau 0-0: Ground out 5-3 (Groundball, 56S, EV 80.6 MPH)
Eddie LaRose scores
Batting: LHB Tyler Babbitt 0-0: Ball
1-0: Foul Ball, location: 2F
1-1: Foul Ball, location: 2F
1-2: Strikes out swinging
Batting: LHB Jesus Lozano 0-0: Called Strike
0-1: Ground out 6-3 (Groundball, 6, EV 91.2 MPH)
Top of the 3rd over - 1 run, 1 hit, 0 errors, 0 left on base; Columbus 1 - Buffalo 1
BOTTOM OF THE 3RD
Buffalo Bisons batting - Pitching for Columbus Clippers : RHP Fred Huber
Batting: RHB Frank Caulfield 0-0: Called Strike
0-1: Called Strike
0-2: Ball
1-2: Foul Ball, location: 2F
1-2: Ball
2-2: Fly out, F4 (Line Drive, 4, EV 67.5 MPH)
Batting: SHB Dominik Hasek II 0-0: Foul Ball, location: 2F
0-1: Called Strike
0-2: Strikes out swinging
Batting: LHB Gabe Pace 0-0: Ground out 6-3 (Groundball, 6M, EV 89.4 MPH)
Bottom of the 3rd over - 0 runs, 0 hits, 0 errors, 0 left on base; Columbus 1 - Buffalo 1
TOP OF THE 4TH
Columbus Clippers batting - Pitching for Buffalo Bisons : RHP Timo Lantinga
Batting: SHB Scott Scott 0-0: Foul Ball, location: 2F
0-1: Fly out, F8 (Flyball, 78S, EV 85.6 MPH)
Batting: LHB Robert Watson 0-0: Ball
1-0: Fly out, F7 (Flyball, 7D, EV 95.0 MPH)
Batting: LHB Justin Barker 0-0: Called Strike
0-1: Ball
1-1: Foul Ball, location: 2F
1-2: Ball
2-2: Fly out, F2 (Popup, 2LF, EV 87.5 MPH)
Top of the 4th over - 0 runs, 0 hits, 0 errors, 0 left on base; Columbus 1 - Buffalo 1
BOTTOM OF THE 4TH
Buffalo Bisons batting - Pitching for Columbus Clippers : RHP Fred Huber
Batting: RHB Leo Mair 0-0: Ground out 4-3 (Groundball, 4, EV 76.2 MPH)
Batting: RHB Väinö Tapaninen 0-0: Ball
1-0: Ball
2-0: Foul Ball, location: 2F
2-1: Swinging Strike
2-2: Ball
3-2: Strikes out swinging
Batting: RHB Butch Koglin 0-0: Foul Ball, location: 2F
0-1: Fly out, F3 (Popup, 23F, EV 93.1 MPH)
Bottom of the 4th over - 0 runs, 0 hits, 0 errors, 0 left on base; Columbus 1 - Buffalo 1
TOP OF THE 5TH
Columbus Clippers batting - Pitching for Buffalo Bisons : RHP Timo Lantinga
Batting: LHB Jim Keefe 0-0: Called Strike
0-1: Ground out U3 (Groundball, 34S, EV 83.1 MPH)
Batting: LHB Corey Trevor 0-0: Swinging Strike
0-1: Ball
1-1: Ball
2-1: Swinging Strike
2-2: Fly out, F7 (Flyball, 7S, EV 76.9 MPH)
Batting: RHB Eddie LaRose 0-0: Ball
1-0: Called Strike
1-1: Ball
2-1: SINGLE (Groundball, 34D, EV 98.8 MPH)
Batting: RHB Stephen Charbonneau 0-0: Fly out, F9 (Flyball, 89S, EV 91.9 MPH)
Top of the 5th over - 0 runs, 1 hit, 0 errors, 1 left on base; Columbus 1 - Buffalo 1
BOTTOM OF THE 5TH
Buffalo Bisons batting - Pitching for Columbus Clippers : RHP Fred Huber
Batting: RHB John Loving 0-0: Swinging Strike
0-1: Called Strike
0-2: Ball
1-2: Fly out, F7 (Flyball, 7, EV 93.1 MPH)
Batting: RHB Bryan Peterson 0-0: Called Strike
0-1: Swinging Strike
0-2: Ball
1-2: Ball
2-2: Ground out 5-3 (Groundball, 5L, EV 92.5 MPH)
Batting: RHB Michel Martineau 0-0: Swinging Strike
0-1: Swinging Strike
0-2: Ball
1-2: Ball
2-2: Fly out, F8 (Flyball, 8RXD, EV 101.2 MPH)
Bottom of the 5th over - 0 runs, 0 hits, 0 errors, 0 left on base; Columbus 1 - Buffalo 1
TOP OF THE 6TH
Columbus Clippers batting - Pitching for Buffalo Bisons : RHP Timo Lantinga
Batting: LHB Tyler Babbitt 0-0: Ball
1-0: Fly out, F8 (Line Drive, 8RM, EV 93.1 MPH)
Batting: LHB Jesus Lozano 0-0: Swinging Strike
0-1: Fly out, F8 (Flyball, 78M, EV 83.8 MPH)
Batting: SHB Scott Scott 0-0: Called Strike
0-1: Fly out, F8 (Flyball, 8LM, EV 90.6 MPH)
Top of the 6th over - 0 runs, 0 hits, 0 errors, 0 left on base; Columbus 1 - Buffalo 1
BOTTOM OF THE 6TH
Buffalo Bisons batting - Pitching for Columbus Clippers : RHP Fred Huber
Batting: RHB Frank Caulfield 0-0: Fly out, F9 (Flyball, 9, EV 81.9 MPH)
Batting: SHB Dominik Hasek II 0-0: Ball
1-0: Ball
2-0: Called Strike
2-1: Fly out, F9 (Flyball, 9LDF, EV 111.9 MPH)
Batting: LHB Gabe Pace 0-0: Ball
1-0: Ball
2-0: Swinging Strike
2-1: Swinging Strike
2-2: Strikes out looking
Bottom of the 6th over - 0 runs, 0 hits, 0 errors, 0 left on base; Columbus 1 - Buffalo 1
TOP OF THE 7TH
Columbus Clippers batting - Pitching for Buffalo Bisons : RHP Timo Lantinga
Batting: LHB Robert Watson 0-0: Ball
1-0: Called Strike
1-1: Ball
2-1: Ground out 5-3 (Groundball, 56D, EV 89.4 MPH)
Batting: LHB Justin Barker 0-0: Ball
1-0: Foul Ball, location: 2F
1-1: Ball
2-1: Swinging Strike
2-2: Strikes out swinging
Batting: LHB Jim Keefe 0-0: Called Strike
0-1: Ball
1-1: Ground out 4-3 (Groundball, 34, EV 90.0 MPH)
Top of the 7th over - 0 runs, 0 hits, 0 errors, 0 left on base; Columbus 1 - Buffalo 1
BOTTOM OF THE 7TH
Buffalo Bisons batting - Pitching for Columbus Clippers : RHP Fred Huber
Batting: RHB Leo Mair 0-0: Foul Ball, location: 2F
0-1: Foul Ball, location: 2F
0-2: Ball
1-2: Foul Ball, location: 2F
1-2: Foul Ball, location: 2F
1-2: Foul Ball, location: 2F
1-2: Ground out 5-3 (Groundball, 56S, EV 85.0 MPH)
Batting: RHB Väinö Tapaninen 0-0: Ball
1-0: Fly out, F7 (Flyball, 78M, EV 79.4 MPH)
Batting: RHB Butch Koglin 0-0: Ball
1-0: Foul Ball, location: 2F
1-1: Ground out 6-3 (Groundball, 56, EV 88.1 MPH)
Bottom of the 7th over - 0 runs, 0 hits, 0 errors, 0 left on base; Columbus 1 - Buffalo 1
TOP OF THE 8TH
Columbus Clippers batting - Pitching for Buffalo Bisons : RHP Timo Lantinga
Batting: LHB Corey Trevor 0-0: Ball
1-0: Ball
2-0: Ball
3-0: Foul Ball, location: 2F
3-1: Ground out 4-3 (Groundball, 4, EV 108.1 MPH)
Batting: RHB Eddie LaRose 0-0: Ball
1-0: Ball
2-0: Called Strike
2-1: Foul Ball, location: 2F
2-2: Foul Ball, location: 2F
2-2: Strikes out swinging
Batting: RHB Stephen Charbonneau 0-0: SINGLE (Groundball, 25, EV 66.2 MPH) (infield hit)
Batting: LHB Tyler Babbitt 0-0: Ball
1-0: Swinging Strike
1-1: Ball
2-1: Fly out, F8 (Flyball, 8RM, EV 95.0 MPH)
Top of the 8th over - 0 runs, 1 hit, 0 errors, 1 left on base; Columbus 1 - Buffalo 1
BOTTOM OF THE 8TH
Buffalo Bisons batting - Pitching for Columbus Clippers : RHP Fred Huber
Batting: RHB John Loving 0-0: Called Strike
0-1: Fly out, F8 (Flyball, 8RM, EV 92.5 MPH)
Batting: RHB Bryan Peterson 0-0: Ground out 5-3 (Groundball, 56, EV 88.1 MPH)
Batting: RHB Michel Martineau 0-0: Ball
1-0: Called Strike
1-1: Foul Ball, location: 2F
1-2: Ball
2-2: Ball
3-2: Ground out 6-3 (Groundball, 6, EV 85.0 MPH)
Bottom of the 8th over - 0 runs, 0 hits, 0 errors, 0 left on base; Columbus 1 - Buffalo 1
TOP OF THE 9TH
Columbus Clippers batting - Pitching for Buffalo Bisons : RHP Timo Lantinga
Batting: LHB Jesus Lozano 0-0: Ball
1-0: Swinging Strike
1-1: Called Strike
1-2: Strikes out swinging
Batting: SHB Scott Scott 0-0: Foul Ball, location: 2F
0-1: Foul Ball, location: 2F
0-2: Foul Ball, location: 2F
0-2: Foul Ball, location: 2F
0-2: Ground out U3 (Groundball, 3, EV 86.2 MPH)
Batting: LHB Robert Watson 0-0: Ball
1-0: Called Strike
1-1: Ball
2-1: Ground out 4-3 (Groundball, 4, EV 90.0 MPH)
Top of the 9th over - 0 runs, 0 hits, 0 errors, 0 left on base; Columbus 1 - Buffalo 1
BOTTOM OF THE 9TH
Buffalo Bisons batting - Pitching for Columbus Clippers : RHP Fred Huber
Batting: RHB Frank Caulfield 0-0: Ball
1-0: Swinging Strike
1-1: Swinging Strike
1-2: Strikes out looking
Batting: SHB Dominik Hasek II 0-0: Ball
1-0: Called Strike
1-1: Called Strike
1-2: Fly out, F4 (Popup, 4D, EV 55.6 MPH)
Batting: LHB Gabe Pace 0-0: Called Strike
0-1: Called Strike
0-2: Ball
1-2: Ball
2-2: Fly out, F7 (Line Drive, 7S, EV 105.6 MPH)
Bottom of the 9th over - 0 runs, 0 hits, 0 errors, 0 left on base; Columbus 1 - Buffalo 1
TOP OF THE 10TH
Columbus Clippers batting - Pitching for Buffalo Bisons : RHP Timo Lantinga
Pitching: LHP Julio Gonzalez
Pinch Hitting: RHB Chang-wei Jiang 0-0: Ball
1-0: Ball
2-0: Ball
3-0: Called Strike
3-1: Foul Ball, location: 2F
3-2: Strikes out looking
Pinch Hitting: RHB Josh Hoeye 0-0: Ball
1-0: Called Strike
1-1: Swinging Strike
1-2: Ball
2-2: Ground out 6-3 (Groundball, 6, EV 83.8 MPH)
Pinch Hitting: RHB Jason Sher 0-0: Ball
1-0: DOUBLE (Groundball, 5L, EV 95.6 MPH)
Batting: RHB Eddie LaRose 0-0: Foul Ball, location: 2F
0-1: Ball
1-1: Swinging Strike
1-2: Strikes out swinging
Top of the 10th over - 0 runs, 1 hit, 0 errors, 1 left on base; Columbus 1 - Buffalo 1
BOTTOM OF THE 10TH
Buffalo Bisons batting - Pitching for Columbus Clippers : RHP Fred Huber
Pitching: RHP Chris Cohen
Now at C: Dan Hill
Now at 2B: Jason Sher
Now at 3B: Scott Scott
Now in LF: Stu Sornson
Batting: RHB Leo Mair 0-0: Ball
1-0: Swinging Strike
1-1: Ball
2-1: Ball
3-1: Called Strike
3-2: Foul Ball, location: 2F
3-2: SINGLE (Groundball, 56, EV 96.9 MPH)
Batting: RHB Väinö Tapaninen 0-0: Bunt missed!
0-1: Ball
1-1: Called Strike
1-2: Grounds into double play, 6-4-3 (Groundball, 6, EV 85.0 MPH)
Batting: RHB Butch Koglin 0-0: Ball
1-0: Called Strike
1-1: Swinging Strike
1-2: Ball
2-2: Foul Ball, location: 2F
2-2: Strikes out looking
Bottom of the 10th over - 0 runs, 1 hit, 0 errors, 0 left on base; Columbus 1 - Buffalo 1
TOP OF THE 11TH
Columbus Clippers batting - Pitching for Buffalo Bisons : LHP Julio Gonzalez
Batting: RHB Stephen Charbonneau 0-0: Ball
1-0: Foul Ball, location: 2F
1-1: Ball
2-1: Ball
3-1: Foul Ball, location: 2F
3-2: Strikes out swinging
Pinch Hitting: RHB Solange Le Coq 0-0: Called Strike
0-1: Called Strike
0-2: Strikes out looking
Batting: LHB Jesus Lozano 0-0: Ball
1-0: Ball
2-0: Ball
3-0: Called Strike
3-1: Called Strike
3-2: Foul Ball, location: 2F
3-2: SINGLE (Flyball, 78S, EV 88.8 MPH)
Pitching: LHP Mario Amore
Batting: SHB Scott Scott 0-0: Called Strike
Jesus Lozano is caught stealing 2nd base 2-4
Top of the 11th over - 0 runs, 1 hit, 0 errors, 0 left on base; Columbus 1 - Buffalo 1
BOTTOM OF THE 11TH
Buffalo Bisons batting - Pitching for Columbus Clippers : RHP Chris Cohen
Now in CF: Solange Le Coq
Now in RF: Robert Watson
Batting: RHB John Loving 0-0: Called Strike
0-1: Fly out, F5 (Popup, 25F, EV 79.4 MPH)
Batting: RHB Bryan Peterson 0-0: Called Strike
0-1: Ball
1-1: Ground out 6-3 (Groundball, 6, EV 94.4 MPH)
Batting: RHB Michel Martineau 0-0: Ball
1-0: Foul Ball, location: 2F
1-1: Ball
2-1: Ball
3-1: Base on Balls
Batting: RHB Frank Caulfield 0-0: Foul Ball, location: 2F
0-1: Fielders Choice at 2nd, 6-4 (Groundball, 56, EV 93.1 MPH)
Bottom of the 11th over - 0 runs, 0 hits, 0 errors, 1 left on base; Columbus 1 - Buffalo 1
TOP OF THE 12TH
Columbus Clippers batting - Pitching for Buffalo Bisons : LHP Mario Amore
Batting: SHB Scott Scott 0-0: Swinging Strike
0-1: Ball
1-1: Swinging Strike
1-2: Strikes out swinging
Batting: LHB Robert Watson 0-0: Foul Ball, location: 2F
0-1: Swinging Strike
0-2: Fly out, F8 (Flyball, 8LD, EV 86.9 MPH)
Batting: LHB Stu Sornson 0-0: Ground out 6-3 (Groundball, 6, EV 108.1 MPH)
Top of the 12th over - 0 runs, 0 hits, 0 errors, 0 left on base; Columbus 1 - Buffalo 1
BOTTOM OF THE 12TH
Buffalo Bisons batting - Pitching for Columbus Clippers : RHP Chris Cohen
Pitching: RHP Nate Souza
Batting: SHB Dominik Hasek II 0-0: Ball
1-0: SOLO HOME RUN (Flyball, 9D, EV 105.0 MPH), Distance : 392 ft
Bottom of the 12th over - 1 run, 1 hit, 0 errors, 0 left on base; Columbus 1 - Buffalo 2
Tuesday, March 28th , 2023 - OOTP Baseball 23.10 Build 110